 Dungeon Crawl Stone Soup version 0.20-a0-689-g860b9ab (webtiles) character file.

2065 graki42 the Thaumaturge (level 9, -5/46 HPs)
             Began as a Deep Elf Fire Elementalist on Feb 20, 2017.
             Was a Believer of Vehumet.
             Shot with an arrow by a centaur (16 damage)
             ... on level 7 of the Dungeon.
             The game lasted 00:26:37 (7043 turns).

graki42 the Thaumaturge (DEFE)                      Turns: 7043, Time: 00:26:37

Health: -5/46      AC:  3    Str:  8    XL:     9   Next: 5%
Magic:  18/33      EV: 14    Int: 21    God:    Vehumet [**....]
Gold:   267        SH:  0    Dex: 15    Spells: 6/26 levels left

rFire    . . .     SeeInvis .   G - +0 dagger (venom)
rCold    . . .     Gourm    .   a - +0 robe
rNeg     . . .     Faith    .   (no shield)
rPois    .         Spirit   .   (no helmet)
rElec    .         Reflect  .   (no cloak)
rCorr    .         Harm     .   (no gloves)
MR       .....                  b - +0 pair of boots
Stlth    +++.......             (no amulet)
Regen    0.2/turn               (no ring)
MPRegen  0.3/turn               j - ring of magical power

@: no status effects
A: no striking features
a: Renounce Religion


You were on level 7 of the Dungeon.
You worshipped Vehumet.
Vehumet was pleased with you.
You were not hungry.

You visited 2 branches of the dungeon, and saw 8 of its levels.
You also visited: Sewer.

You collected 267 gold pieces.

Inventory:

Hand Weapons
 G - a +0 dagger of venom (weapon)
Armour
 a - a +0 robe (worn)
 b - a +0 pair of boots (worn)
Jewellery
 h - an uncursed amulet of guardian spirit {unknown}
 j - a ring of magical power (left hand)
Wands
 u - a wand of polymorph (7/24)
 F - a wand of paralysis (6/24)
Scrolls
 e - a scroll of enchant weapon
 g - 6 scrolls of teleportation
 o - a scroll of magic mapping
 q - a scroll of enchant armour {unknown}
 s - 4 scrolls of remove curse
 v - 3 scrolls of fog {unknown}
 x - 3 scrolls of identify
 y - a scroll of immolation {unknown}
 D - a scroll of amnesia {unknown}
 E - a scroll of blinking {unknown}
Potions
 d - a potion of lignification
 f - 3 potions of might {unknown}
 i - a potion of brilliance
 l - a potion of heal wounds
 m - a potion of mutation {unknown}
 p - a potion of agility {unknown}
 r - 2 potions of berserk rage {unknown}
 w - a potion of curing {unknown}
 z - 3 potions of degeneration {unknown}
 A - a potion of invisibility {unknown}
 B - 5 potions of flight {unknown}
Books
 C - a book of Conjurations

   Spells                             Type                      Level
   a - Magic Dart                     Conjuration                  1
   b - Searing Ray                    Conjuration                  2
   c - Dazzling Spray                 Conjuration/Hexes            3
   d - Fulminant Prism                Conjuration/Hexes            4
   e - Force Lance                    Conjuration/Translocation    4
   f - Iskenderun's Mystic Blast      Conjuration                  4
Comestibles
 c - 7 bread rations
 k - 2 meat rations
 n - 3 royal jellies
 t - 4 fruits
 H - 3 chunks of flesh


   Skills:
 + Level 0.4 Fighting
 + Level 3.9 Dodging
 + Level 5.0 Stealth
 + Level 9.3 Spellcasting
 + Level 6.7 Conjurations
 + Level 2.3 Hexes
 + Level 7.2 Fire Magic


You had 6 spell levels left.
You knew the following spells:

 Your Spells              Type           Power        Failure   Level  Hunger
a - Flame Tongue          Conj/Fire      #####        1%          1    None
b - Conjure Flame         Conj/Fire      #####...     1%          3    None
c - Inner Flame           Hex/Fire       ####....     2%          3    None
d - Sticky Flame          Conj/Fire      #####...     4%          4    ##.....
e - Fireball              Conj/Fire      #####.....   14%         5    #####..
f - Iskenderun's Mystic   Conj           #####...     4%          4    ##.....


Dungeon Overview and Level Annotations

Branches:
Dungeon (7/15)             Temple (1/1) D:4

Altars:
Cheibriados
Dithmenos
Fedhas
Gozag
Okawaru
Ru
Sif Muna
Vehumet
Xom
Yredelemnul
Zin
The Shining One

Shops:
D:5 (:[(   D:6 %?[:

Annotations:
D:7 Prince Ribbit


Message History

The orb of energy explodes!
The centaur shoots an arrow.
The arrow hits you!
Casting: Iskenderun's Mystic Blast
Confirm with . or Enter, or press ? or * to list all spells.
Aiming: Iskenderun's Mystic Blast
Press: ? - help, Shift-Dir - straight line, f/p - centaur
Aim: a centaur, wielding a shortbow (moderately wounded)
The orb of energy hits the centaur.
The centaur is heavily wounded.
The centaur shoots an arrow.
The arrow hits you!
Casting: Iskenderun's Mystic Blast
Confirm with . or Enter, or press ? or * to list all spells.
Aiming: Iskenderun's Mystic Blast
Press: ? - help, Shift-Dir - straight line, f/p - centaur
Aim: a centaur, wielding a shortbow (heavily wounded)
The orb of energy hits the centaur.
The centaur is severely wounded.
The centaur shoots an arrow.
The arrow hits you!
* * * LOW HITPOINT WARNING * * *
The centaur shoots an arrow.
The arrow hits you!
You die...

#.......# #.......#
..>..( #.......# #....
#.......# #....
#.......# .c.
#.......# ... ...#
#####'### #### #'#
.... #.#.. ..# #.#
...#
#.#.####.###@###...#
#.#.#......#)#.)...#
##.#.#..#.#.#.#.....#
####..#.#....#.#.....#
)..)....#.#........###
####........##.#...#
#...
............##.#...#
#...
###########.##.#######
#... #.##[###...# #...


You could see a centaur.

Vanquished Creatures
  A komodo dragon (D:7)
  Menkaure (D:4)
  An orc warrior (D:6)
  An ice beast (D:7)
  2 phantoms
  A black bear (D:7)
  An ogre (D:7)
  2 centaurs
  2 bullfrogs
  3 wights (D:7)
  A crimson imp (D:6)
  A quasit (D:6)
  A bullfrog zombie (D:6)
  A bullfrog skeleton (D:7)
  2 orc priests (D:7)
  A gnoll shaman (D:6)
  3 orc wizards
  2 iguanas
  Jessica (D:3)
  2 worker ants
  A killer bee zombie (D:6)
  2 worker ant zombies (D:6)
  3 gnolls (D:6)
  7 adders
  3 oozes
  An adder skeleton (D:4)
  2 adder zombies
  3 worms
  4 dart slugs (D:1)
  4 leopard geckos
  26 orcs
  A bat zombie (D:1)
  2 giant cockroaches
  6 goblins
  7 hobgoblins
  20 jackals
  A quokka (D:4)
  3 ball pythons (Sewer)
  15 bats
  7 frilled lizards
  A jackal zombie (D:6)
  4 kobolds
  A quokka skeleton (D:6)
  9 rats
163 creatures vanquished.

Notes
Turn   | Place    | Note
-------+----------+-------------------------------------------
     0 | D:1      | graki42 the Deep Elf Fire Elementalist began the quest for the Orb.
     0 | D:1      | Reached XP level 1. HP: 10/10 MP: 6/6
   438 | D:1      | Reached XP level 2. HP: 15/15 MP: 5/8
   899 | D:1      | Reached XP level 3. HP: 16/19 MP: 5/10
  1018 | D:1      | Learned a level 3 spell: Conjure Flame
  1022 | D:1      | Learned a level 3 spell: Inner Flame
  1362 | D:2      | Found an iron altar of Okawaru.
  1447 | D:2      | Found a faded altar of an unknown god.
  1536 | D:2      | Reached skill level 4 in Spellcasting
  1536 | D:2      | Reached XP level 4. HP: 15/24 MP: 12/12
  1828 | D:3      | Learned a level 4 spell: Sticky Flame
  1920 | D:3      | Found a sacrificial altar of Ru.
  2217 | D:3      | Noticed Jessica
  2219 | D:3      | Killed Jessica
  2237 | D:3      | Found a shadowy altar of Dithmenos.
  2651 | D:3      | Reached XP level 5. HP: 28/28 MP: 13/13
  2933 | D:4      | Found a basalt altar of Yredelemnul.
  2963 | D:4      | Reached skill level 5 in Spellcasting
  2963 | D:4      | Reached XP level 6. HP: 30/32 MP: 15/15
  3150 | D:4      | Noticed Menkaure
  3158 | D:4      | Killed Menkaure
  3158 | D:4      | Reached skill level 5 in Fire Magic
  3325 | D:4      | Found a staircase to the Ecumenical Temple.
  3344 | Temple   | Entered the Ecumenical Temple
  3457 | Temple   | Became a worshipper of Vehumet
  3934 | D:4      | Reached XP level 7. HP: 36/36 MP: 15/17
  4005 | D:5      | Entered Level 5 of the Dungeon
  4025 | D:5      | Found Uca Lufa's Antique Armour Emporium.
  4068 | D:5      | Found Koischue's Antique Weapon Shop.
  4178 | D:5      | Found Mask's Book Emporium.
  4192 | D:5      | Learned a level 5 spell: Fireball
  4314 | D:5      | Found Gaiphar's Antique Weapon Boutique.
  4490 | D:5      | Reached skill level 6 in Spellcasting
  4618 | D:6      | Found Tichuet's Magic Scroll Emporium.
  4625 | D:6      | Found Nacaud's Armour Shop.
  4628 | D:6      | Found Niwkeffank's Book Emporium.
  4776 | D:6      | Found a glowing drain.
  4783 | Sewer    | Entered a sewer
  4879 | Sewer    | Reached * piety under Vehumet
  4879 | Sewer    | Offered knowledge of Freeze by Vehumet.
  4952 | Sewer    | Reached skill level 5 in Conjurations
  5567 | D:6      | Reached XP level 8. HP: 42/42 MP: 20/20
  5573 | D:6      | Learned a level 4 spell: Iskenderun's Mystic Blast
  5596 | D:6      | Reached skill level 7 in Spellcasting
  5918 | D:6      | Found Ihin's Food Emporium.
  5941 | D:6      | Reached skill level 1 in Hexes
  6514 | D:7      | Noticed Prince Ribbit
  6634 | D:7      | Reached skill level 5 in Stealth
  6634 | D:7      | Reached skill level 8 in Spellcasting
  6696 | D:7      | Reached ** piety under Vehumet
  6696 | D:7      | Offered knowledge of Throw Frost by Vehumet.
  6854 | D:7      | Noticed a komodo dragon
  6864 | D:7      | Killed a komodo dragon
  6864 | D:7      | Reached skill level 9 in Spellcasting
  6940 | D:7      | Reached XP level 9. HP: 39/46 MP: 20/24
  7043 | D:7      | Shot with an arrow by a centaur

Vault maps used:
D:1:      saegor_arrival_fortress
D:2:      chequers_ecumenical_altar_simple_redux, okawaru_gym_becter
D:3:      hangedman_ru_absence, nicolae_overflow_hidden_temple,
          small_statue_intersection, uniq_jessica
D:4:      lemuel_crystal_altar, temple_fountains, first_bread, uniq_menkaure
D:5:      serial_shops, shop, nicolae_shop_overgrown_old_shop, shop,
          nicolae_shop_statue_plus
D:6:      serial_shops, kennysheep_little_box, nicolae_shop_waterfront, shop,
          shop, lightli_sewer_entry_pipes
D:7:      overflow_temple_1_default, uniq_joseph, uniq_prince_ribbit1
Temple:   nicolae_temple_figure_eight
Sewer:    sewer_fruit_machine

Skill      XL: |  1  2  3  4  5  6  7  8 |
---------------+-------------------------+-----
Fire Magic     | 4 5 6 7 |  7.2
Conjurations   | 2 3 4 5 6 |  6.7
Spellcasting   | 4 5 6 9 |  9.3
Stealth        | 3 4 5 |  5.0
Dodging        | 3 |  3.9
Hexes          | 2 |  2.3
Fighting       | |  0.4

Action                   |  1- 3 |  4- 6 |  7- 9 || total
-------------------------+-------+-------+-------++-------
Melee: Dagger            |       |       |     4 ||     4
 Cast: Flame Tongue      |    75 |   102 |   127 ||   304
       Inner Flame       |       |     4 |     6 ||    10
       Conjure Flame     |       |     3 |    11 ||    14
       Sticky Flame      |       |     1 |    12 ||    13
       Iskenderun's Myst |       |       |    13 ||    13
  Use: Scroll            |       |     4 |     6 ||    10
 Stab: Distracted        |       |       |     1 ||     1
  Eat: Chunk             |     1 |     7 |    11 ||    19
       Fruit             |       |       |     1 ||     1
       Royal jelly       |       |       |     1 ||     1
Armor: Robe              |     8 |     3 |    19 ||    30
Dodge: Dodged            |    23 |    13 |    57 ||    93
